 Dungeon Crawl Stone Soup version 0.31.0-9-g3a7656b989 (webtiles) character file.

Game seed: 17397876834743883574

2 qw the Shooter (level 1, -8/17 HPs)
             Began as a Demigod Hunter on Feb 2, 2024.
             Mangled by a gnoll
             ... wielding a +0 flail of protection
              (11 damage)
             ... on level 1 of the Dungeon.
             The game lasted 00:00:00 (64 turns).

qw the Shooter (Demigod Hunter)                       Turns: 64, Time: 00:00:00

Health: -8/17      AC:  3    Str: 12    XL:     1   Next: 20%
Magic:  3/3        EV: 12    Int: 11    God:
Gold:   23         SH:  0    Dex: 17    Spells: 0/0 levels left

rFire   . . .        a - +0 shortbow
rCold   . . .        (shield currently unavailable)
rNeg    . . .        c - +0 leather armour
rPois   .            (no helmet)
rElec   .            (no cloak)
rCorr   .            (no gloves)
SInv    .            (no boots)
Will    .....        (no amulet)
Stlth   ++           (no ring)
HPRegen 0.22/turn    (no ring)
MPRegen 0.08/turn

%: no passive effects
@: no status effects
A: high MP 1, forlorn, divine attributes
a: no special abilities


You were on level 1 of the Dungeon.
You visited 1 branch of the dungeon, and saw 1 of its levels.

You collected 23 gold pieces.


Innate Abilities, Weirdness & Mutations

You have an increased reservoir of magic. (+10% MP)
You shall have no god before yourself.
Your divine heritage dramatically boosts your attributes as you level up.


   Skills:
 - Level 1.7 Fighting
 + Level 3.7 Ranged Weapons
 - Level 1.7 Dodging
 - Level 0.8 Stealth


You couldn't memorise any spells.
You didn't know any spells.
Your spell library was empty.

Inventory:

Hand Weapons
 a - a +0 shortbow (weapon)
Armour
 c - a +0 leather armour (worn)
Scrolls
 b - a scroll of butterflies

Dungeon Overview and Level Annotations

Branches:
Dungeon (1/15)


Message History

A bat comes into view.
You shoot an arrow.
The arrow hits the bat but does no damage.
You shoot an arrow. The arrow misses the bat.
The bat hits you.
You shoot an arrow. The arrow closely misses the bat.
The bat completely misses you. The bat hits you but does no damage.
You shoot an arrow. The arrow hits the bat!
You kill the bat!
A gnoll comes into view.
It is wielding a +0 flail of protection.
Found a mace and a book of the Spheres.
You see here a bat corpse.
You shoot an arrow.
The arrow hits the gnoll but does no damage.
The gnoll shouts!
You shoot an arrow. The arrow barely misses the gnoll.
You shoot an arrow.
The arrow hits the gnoll but does no damage.
A gnoll is nearby!
You shoot an arrow. The arrow completely misses the gnoll.
The arrow hits the plant.
The plant begins to die.
The plant is lightly damaged.
You shoot an arrow.
The arrow hits the gnoll but does no damage.
You shoot an arrow.
The arrow hits the gnoll but does no damage.
The gnoll hits you with a +0 flail of protection.
A dart slug comes into view.
You shoot an arrow. The arrow closely misses the gnoll.
A nearby plant withers and dies.
The gnoll barely misses you.
The gnoll hits you with a +0 flail of protection.
You shoot an arrow. The arrow hits the gnoll.
The gnoll is moderately wounded.
The gnoll hits you with a +0 flail of protection.
You shoot an arrow.
The arrow hits the gnoll but does no damage.
The gnoll is moderately wounded.
The gnoll hits you with a +0 flail of protection!
Ouch! That really hurt!
You die...

#.. #)# ####### #.#
>.....## #.# #####%.#
#.# ....#..## #.#
....#...#####.#
.}..#.........##########
....#..##......%@.......
....+..#########g##.#..#
....#..# #w# .}..#..#
... ....#..# ....
....#..# .....P #####..
......P ###.:....


You could see a gnoll and a dart slug.

Vanquished Creatures
  A bat (D:1)
  A frilled lizard (D:1)
2 creatures vanquished.

Notes
Turn   | Place    | Note
-------+----------+-------------------------------------------
     0 | D:1      | qw the Demigod Hunter began the quest for the Orb.
     0 | D:1      | Reached XP level 1. HP: 17/17 MP: 3/3
     0 | D:1      | 0 ||| qw: Version: 0.3-a-155-g5e7d8dd
     0 | D:1      | 0 ||| qw: Game counter: 266
     0 | D:1      | 0 ||| qw: Melee chars always use a shield: true
     0 | D:1      | 0 ||| qw: God list: Okawaru
     0 | D:1      | 0 ||| qw: Allow faded altars: false
     0 | D:1      | 0 ||| qw: Do Orc after clearing Dungeon:15 true
     0 | D:1      | 0 ||| qw: Do second Lair branch before Depths: true
     0 | D:1      | 0 ||| qw: Lair rune preference: random
     0 | D:1      | 0 ||| qw: Goals: Normal
     0 | D:1      | 0 ||| PLANNING D:1-11
    63 | D:1      | HP: 3/17 [gnoll/+0 flail of protection (6)]
    64 | D:1      | Mangled by a gnoll

Levels and vault maps discovered:
D:1:      mushboom_english_gardens, layout_basic, nicolae_grassy_gnolls

Action                     || total
---------------------------++-------
   Fire: Shortbow          ||    17
 Armour: Leather armour    ||     6
  Dodge: Dodged            ||     2

Table legend:
 A = Non-vault XP
 B = Vault XP
 C = Vault XP percentage of total XP
 D = Non-vault monster count
 E = Vault monster count
 F = Vault count percentage of total count
                 A         B        C        D         E       F
            +---------+---------+-------+---------+---------+-------
      Total |       3 |       0 |   0.0 |       2 |       0 |   0.0
            +---------+---------+-------+---------+---------+-------
        D:1 |       3 |       0 |   0.0 |       2 |       0 |   0.0
            +---------+---------+-------+---------+---------+-------
